| TOP OF THE 1ST |
|
Minnesota Twins batting - Pitching for Kansas City Royals : LHP Colin Rodgers
|
|
Pitching: LHP Colin Rodgers
|
|
|
Batting: RHB Greg Watts
|
0-0: Ball 1-0: Ball 2-0: Ball 3-0: Called Strike 3-1: Foul Ball, location: 9LDF 3-2: Strikes out swinging
|
|
Batting: SHB Francisco Mejia
|
0-0: Ball 1-0: Foul Ball, location: 5DF 1-1: Foul Ball, location: 2F 1-2: Strikes out swinging
|
|
Batting: LHB Raúl Fernández
|
0-0: Ball 1-0: Foul Ball, location: 2F 1-1: Foul Ball, location: 3FF 1-2: Ground out 6-3 (Groundball, 6, EV 88.8 MPH)
|
| Top of the 1st over - 0 runs, 0 hits, 0 errors, 0 left on base; Minnesota 0 - Kansas City 0 |
| BOTTOM OF THE 1ST |
|
Kansas City Royals batting - Pitching for Minnesota Twins : RHP Huascar Ynoa
|
|
Pitching: RHP Huascar Ynoa
|
|
|
Batting: RHB Jesús Martínez
|
0-0: Ball 1-0: Ground out 4-3 (Groundball, 4, EV 103.8 MPH)
|
|
Batting: LHB Forrest Wall
|
0-0: Called Strike 0-1: Ball 1-1: Ball 2-1: Swinging Strike 2-2: Strikes out looking
|
|
Batting: RHB Dave García
|
0-0: Swinging Strike 0-1: Foul Ball, location: 5DF 0-2: Ball 1-2: SINGLE (Flyball, 34D, EV 86.9 MPH)
|
|
Batting: LHB Hervé Masson
|
0-0: Called Strike 0-1: Swinging Strike 0-2: Ball 1-2: Strikes out swinging
|
| Bottom of the 1st over - 0 runs, 1 hit, 0 errors, 1 left on base; Minnesota 0 - Kansas City 0 |
| TOP OF THE 2ND |
|
Minnesota Twins batting - Pitching for Kansas City Royals : LHP Colin Rodgers
|
|
Batting: RHB Gabriel Corporan
|
0-0: Foul Ball, location: 9LSF 0-1: Ball 1-1: Called Strike 1-2: Ball 2-2: SINGLE (Groundball, 34S, EV 70.6 MPH) (infield hit)
|
|
Batting: RHB Artie Cochran
|
0-0: Ball 1-0: Foul Ball, location: 5FF 1-1: Swinging Strike 1-2: Strikes out looking
|
|
Batting: SHB Stan Jordan
|
0-0: Fly out, F8 (Flyball, 8RD, EV 87.5 MPH) Runner from 1st tags up, SAFE at 2nd
|
|
Batting: LHB Tulio Garcia
|
0-0: Ball 1-0: Ball 2-0: Ball 3-0: Base on Balls
|
|
Batting: RHB Jose A. Martinez
|
0-0: TRIPLE (Flyball, 78XD, EV 106.9 MPH) Gabriel Corporan scores Tulio Garcia scores
|
|
Batting: LHB Sojuro Iwamoto
|
0-0: Ball 1-0: Called Strike 1-1: Ball 2-1: Called Strike 2-2: Foul Ball, location: 2F 2-2: SINGLE (Groundball, 6M, EV 99.4 MPH) (infield hit) Jose A. Martinez scores
|
|
Batting: RHB Greg Watts
|
0-0: Ball 1-0: Swinging Strike 1-1: Ball 2-1: Swinging Strike 2-2: Strikes out swinging
|
| Top of the 2nd over - 3 runs, 3 hits, 0 errors, 1 left on base; Minnesota 3 - Kansas City 0 |
| BOTTOM OF THE 2ND |
|
Kansas City Royals batting - Pitching for Minnesota Twins : RHP Huascar Ynoa
|
|
Batting: RHB Joe Washington
|
0-0: Ground out 4-3 (Groundball, 4, EV 100.0 MPH)
|
|
Batting: SHB Ismaldo Rodriguez
|
0-0: DOUBLE (Groundball, 3D, EV 104.4 MPH)
|
|
Batting: SHB Edgardo Medina
|
0-0: Ball 1-0: Swinging Strike 1-1: Foul Ball, location: 5DF 1-2: Foul Ball, location: 2LF 1-2: Ball 2-2: Ball 3-2: Fly out, F5 (Popup, 25, EV 88.1 MPH)
|
|
Batting: RHB Camil Groza
|
0-0: Called Strike 0-1: Called Strike 0-2: Ground out 6-3 (Groundball, 6, EV 91.9 MPH)
|
| Bottom of the 2nd over - 0 runs, 1 hit, 0 errors, 1 left on base; Minnesota 3 - Kansas City 0 |
| TOP OF THE 3RD |
|
Minnesota Twins batting - Pitching for Kansas City Royals : LHP Colin Rodgers
|
|
Batting: SHB Francisco Mejia
|
0-0: SINGLE (Line Drive, 89M, EV 94.4 MPH)
|
|
Batting: LHB Raúl Fernández
|
0-0: Fielders Choice at 2nd, 3-6 (Groundball, 3, EV 86.9 MPH)
|
|
Batting: RHB Gabriel Corporan
|
0-0: Ball 1-0: Ball 2-0: Fielders Choice at 2nd, 4-6 (Groundball, 4, EV 93.1 MPH)
|
|
Batting: RHB Artie Cochran
|
0-0: Called Strike 0-1: Ball 1-1: Fielders Choice at 2nd, 6-4 (Groundball, 6, EV 78.8 MPH)
|
| Top of the 3rd over - 0 runs, 1 hit, 0 errors, 1 left on base; Minnesota 3 - Kansas City 0 |
| BOTTOM OF THE 3RD |
|
Kansas City Royals batting - Pitching for Minnesota Twins : RHP Huascar Ynoa
|
|
Batting: LHB Wilfi Payan
|
0-0: Ball 1-0: Fly out, F2 (Popup, 23F, EV 87.5 MPH)
|
|
Batting: RHB Jesús Martínez
|
0-0: Ground out 6-3 (Groundball, 6, EV 88.1 MPH)
|
|
Batting: LHB Forrest Wall
|
0-0: Swinging Strike 0-1: Foul Ball, location: 7LDF 0-2: Strikes out swinging
|
| Bottom of the 3rd over - 0 runs, 0 hits, 0 errors, 0 left on base; Minnesota 3 - Kansas City 0 |
| TOP OF THE 4TH |
|
Minnesota Twins batting - Pitching for Kansas City Royals : LHP Colin Rodgers
|
|
Batting: SHB Stan Jordan
|
0-0: Foul Ball, location: 7LDF 0-1: Ground out U3 (Groundball, 3S, EV 85.6 MPH)
|
|
Batting: LHB Tulio Garcia
|
0-0: Called Strike 0-1: Ball 1-1: Swinging Strike 1-2: Strikes out swinging
|
|
Batting: RHB Jose A. Martinez
|
0-0: Ball 1-0: Called Strike 1-1: Swinging Strike 1-2: SINGLE (Line Drive, 8LS, EV 98.1 MPH)
|
|
Batting: LHB Sojuro Iwamoto
|
0-0: Ball 1-0: Foul Ball, location: 2RF 1-1: Ball 2-1: Foul Ball, location: 2F 2-2: SINGLE (Flyball, 8RS, EV 93.1 MPH) Jose A. Martinez to second Runner from 2nd tries for 3rd, SAFE, throw by CF made to third
|
|
Batting: RHB Greg Watts
|
0-0: Ball 1-0: Ball 2-0: Fly out, F8 (Line Drive, 8LS, EV 86.3 MPH)
|
| Top of the 4th over - 0 runs, 2 hits, 0 errors, 2 left on base; Minnesota 3 - Kansas City 0 |
| BOTTOM OF THE 4TH |
|
Kansas City Royals batting - Pitching for Minnesota Twins : RHP Huascar Ynoa
|
|
Batting: RHB Dave García
|
0-0: Ball 1-0: Foul Ball, location: 2F 1-1: Foul Ball, location: 2F 1-2: Ball 2-2: Foul Ball, location: 23F 2-2: Fly out, F9 (Flyball, 89S, EV 94.4 MPH)
|
|
Batting: LHB Hervé Masson
|
0-0: Called Strike 0-1: Ball 1-1: Ball 2-1: Called Strike 2-2: Fly out, F3 (Line Drive, 3L, EV 71.9 MPH)
|
|
Batting: RHB Joe Washington
|
0-0: Swinging Strike 0-1: Ground out 3-1 (Groundball, 34, EV 75.6 MPH)
|
| Bottom of the 4th over - 0 runs, 0 hits, 0 errors, 0 left on base; Minnesota 3 - Kansas City 0 |
| TOP OF THE 5TH |
|
Minnesota Twins batting - Pitching for Kansas City Royals : LHP Colin Rodgers
|
|
Batting: SHB Francisco Mejia
|
0-0: Fly out, F3 (Popup, 23F, EV 81.3 MPH)
|
|
Batting: LHB Raúl Fernández
|
0-0: Foul Ball, location: 2F 0-1: Fly out, F9 (Line Drive, 9, EV 82.5 MPH)
|
|
Batting: RHB Gabriel Corporan
|
0-0: Ball 1-0: Ball 2-0: Swinging Strike 2-1: Swinging Strike 2-2: Foul Ball, location: 9LMF 2-2: Strikes out looking
|
| Top of the 5th over - 0 runs, 0 hits, 0 errors, 0 left on base; Minnesota 3 - Kansas City 0 |
| BOTTOM OF THE 5TH |
|
Kansas City Royals batting - Pitching for Minnesota Twins : RHP Huascar Ynoa
|
|
Batting: SHB Ismaldo Rodriguez
|
0-0: DOUBLE (Groundball, 5L, EV 109.4 MPH)
|
|
Batting: SHB Edgardo Medina
|
0-0: Called Strike 0-1: Fly out, F7 (Flyball, 7, EV 85.6 MPH)
|
|
Batting: RHB Camil Groza
|
0-0: Ball 1-0: Ball 2-0: SINGLE (Groundball, 4MD, EV 101.3 MPH) Ismaldo Rodriguez to third Runner from 3rd tries for Home, SAFE, throw by CF to home
|
|
Batting: LHB Wilfi Payan
|
0-0: DOUBLE (Flyball, 7LD, EV 100.6 MPH) Camil Groza to third
|
|
Batting: RHB Jesús Martínez
|
0-0: Ground out 6-3 (Groundball, 6M, EV 95.6 MPH)
|
|
Batting: LHB Forrest Wall
|
0-0: Called Strike 0-1: Ball 1-1: TRIPLE (Line Drive, 89XD, EV 102.5 MPH) Camil Groza scores Wilfi Payan scores
|
|
Batting: RHB Dave García
|
0-0: Ball 1-0: Foul Ball, location: 3DF 1-1: Ball 2-1: Ball 3-1: Base on Balls
|
|
Batting: LHB Hervé Masson
|
0-0: SINGLE (Line Drive, 4M, EV 102.5 MPH) Forrest Wall scores Dave García to second Runner from 2nd tries for 3rd, SAFE, throw by CF made to third
|
|
Batting: RHB Joe Washington
|
0-0: Called Strike 0-1: Fielders Choice at 2nd, 6-4 (Groundball, 56, EV 86.9 MPH)
|
| Bottom of the 5th over - 4 runs, 5 hits, 0 errors, 2 left on base; Minnesota 3 - Kansas City 4 |
| TOP OF THE 6TH |
|
Minnesota Twins batting - Pitching for Kansas City Royals : LHP Colin Rodgers
|
|
Batting: RHB Artie Cochran
|
0-0: Swinging Strike 0-1: Ball 1-1: Fly out, F7 (Line Drive, 7S, EV 99.4 MPH)
|
|
Batting: SHB Stan Jordan
|
0-0: Swinging Strike 0-1: Foul Ball, location: 2F 0-2: Fly out, F9 (Line Drive, 9, EV 96.3 MPH)
|
|
Batting: LHB Tulio Garcia
|
0-0: Ball 1-0: Ball 2-0: Ball 3-0: Called Strike 3-1: Foul Ball, location: 23FF 3-2: Ground out 6-3 (Groundball, 6MD, EV 105.6 MPH)
|
| Top of the 6th over - 0 runs, 0 hits, 0 errors, 0 left on base; Minnesota 3 - Kansas City 4 |
| BOTTOM OF THE 6TH |
|
Kansas City Royals batting - Pitching for Minnesota Twins : RHP Huascar Ynoa
|
|
Batting: SHB Ismaldo Rodriguez
|
0-0: Ball 1-0: Called Strike 1-1: Foul Ball, location: 7LDF 1-2: Ball 2-2: Fly out, F8 (Flyball, 8LM, EV 86.3 MPH)
|
|
Batting: SHB Edgardo Medina
|
0-0: Ball 1-0: Foul Ball, location: 25FF 1-1: Fly out, F2 (Popup, 2RF, EV 94.4 MPH)
|
|
Batting: RHB Camil Groza
|
0-0: Called Strike 0-1: Foul Ball, location: 3SF 0-2: Foul Ball, location: 2F 0-2: Ground out 3-1 (Groundball, 34S, EV 81.3 MPH)
|
| Bottom of the 6th over - 0 runs, 0 hits, 0 errors, 0 left on base; Minnesota 3 - Kansas City 4 |
| TOP OF THE 7TH |
|
Minnesota Twins batting - Pitching for Kansas City Royals : LHP Colin Rodgers
|
|
Batting: RHB Jose A. Martinez
|
0-0: Called Strike 0-1: Foul Ball, location: 7LSF 0-2: Ball 1-2: Ball 2-2: Strikes out swinging
|
|
Batting: LHB Sojuro Iwamoto
|
0-0: Called Strike 0-1: Called Strike 0-2: Strikes out looking
|
|
Batting: RHB Greg Watts
|
0-0: Ball 1-0: Called Strike 1-1: Ground out 5-3 (Groundball, 56S, EV 71.9 MPH)
|
| Top of the 7th over - 0 runs, 0 hits, 0 errors, 0 left on base; Minnesota 3 - Kansas City 4 |
| BOTTOM OF THE 7TH |
|
Kansas City Royals batting - Pitching for Minnesota Twins : RHP Huascar Ynoa
|
|
Batting: LHB Wilfi Payan
|
0-0: Ball 1-0: Called Strike 1-1: Ball 2-1: SINGLE (Line Drive, 78M, EV 107.5 MPH)
|
|
Batting: RHB Jesús Martínez
|
0-0: Called Strike 0-1: Swinging Strike 0-2: Ball Wild Pitch! Wilfi Payan to second 1-2: Foul Ball, location: 5F 1-2: Strikes out swinging
|
|
Batting: LHB Forrest Wall
|
0-0: Fly out, F6 (Line Drive, 6MD, EV 71.9 MPH)
|
|
Batting: RHB Dave García
|
0-0: Fly out, F9 (Line Drive, 9, EV 96.9 MPH)
|
| Bottom of the 7th over - 0 runs, 1 hit, 0 errors, 1 left on base; Minnesota 3 - Kansas City 4 |
| TOP OF THE 8TH |
|
Minnesota Twins batting - Pitching for Kansas City Royals : LHP Colin Rodgers
|
|
Pitching: RHP Esteban Muñóz
|
|
|
Batting: SHB Francisco Mejia
|
0-0: SINGLE (Groundball, 6MD, EV 98.8 MPH)
|
|
Batting: LHB Raúl Fernández
|
0-0: Ball 1-0: Ball 2-0: Called Strike 2-1: SINGLE (Groundball, 34, EV 86.9 MPH) (infield hit) Francisco Mejia to second
|
|
Batting: RHB Gabriel Corporan
|
0-0: Ball 1-0: Foul Ball, location: 2F 1-1: Swinging Strike 1-2: Strikes out swinging
|
|
Pinch Hitting: LHB Andy Townsend
|
0-0: Ball 1-0: Fly out, F8 (Flyball, 8RD, EV 95.0 MPH)
|
|
Batting: SHB Stan Jordan
|
0-0: Hit by Pitch Francisco Mejia to third Raúl Fernández to second
|
|
Batting: LHB Tulio Garcia
|
0-0: Called Strike 0-1: Fly out, F9 (Flyball, 89S, EV 96.9 MPH)
|
| Top of the 8th over - 0 runs, 2 hits, 0 errors, 3 left on base; Minnesota 3 - Kansas City 4 |
| BOTTOM OF THE 8TH |
|
Kansas City Royals batting - Pitching for Minnesota Twins : RHP Huascar Ynoa
|
|
Now in LF: Andy Townsend
|
|
|
Now in RF: Tulio Garcia
|
|
|
Batting: LHB Hervé Masson
|
0-0: TRIPLE (Flyball, 89XD, EV 106.3 MPH)
|
|
Pitching: LHP Dave Weaver
|
|
|
Batting: RHB Joe Washington
|
0-0: Ball 1-0: DOUBLE (Line Drive, 78D, EV 100.0 MPH) Hervé Masson scores
|
|
Batting: SHB Ismaldo Rodriguez
|
0-0: Ball 1-0: Ball 2-0: Foul Ball, location: 3DF 2-1: Foul Ball, location: 2F 2-2: SINGLE (Groundball, 34D, EV 99.4 MPH) Joe Washington to third
|
|
Batting: SHB Edgardo Medina
|
0-0: Foul Ball, location: 2F 0-1: Ball 1-1: SINGLE (Groundball, 4MD, EV 103.8 MPH) Joe Washington scores Ismaldo Rodriguez to second
|
|
Batting: RHB Camil Groza
|
0-0: Ball 1-0: Swinging Strike 1-1: Hit by Pitch Ismaldo Rodriguez to third Edgardo Medina to second
|
|
Batting: LHB Wilfi Payan
|
0-0: Foul Ball, location: 2LF 0-1: Ball 1-1: Fly out, F9 (Flyball, 9, EV 95.0 MPH)
|
|
Batting: RHB Jesús Martínez
|
0-0: Called Strike 0-1: SINGLE (Groundball, 6, EV 104.4 MPH) Ismaldo Rodriguez scores Edgardo Medina to third Camil Groza to second
|
|
Batting: LHB Forrest Wall
|
0-0: Called Strike 0-1: Ball 1-1: Ground out 6-3 (Groundball, 56D, EV 101.3 MPH) Edgardo Medina scores Camil Groza to third Jesús Martínez to second
|
|
Pitching: LHP Jimmy Hernández
|
|
|
Batting: RHB Dave García
|
0-0: Called Strike 0-1: Called Strike 0-2: Ball 1-2: Hit by Pitch
|
|
Batting: LHB Hervé Masson
|
0-0: Foul Ball, location: 3F 0-1: Swinging Strike 0-2: Ground out 4-3 (Groundball, 4, EV 98.1 MPH)
|
| Bottom of the 8th over - 4 runs, 5 hits, 0 errors, 3 left on base; Minnesota 3 - Kansas City 8 |
| TOP OF THE 9TH |
|
Minnesota Twins batting - Pitching for Kansas City Royals : RHP Esteban Muñóz
|
|
Batting: RHB Jose A. Martinez
|
0-0: Called Strike 0-1: Foul Ball, location: 3FF 0-2: Ball 1-2: SINGLE (Line Drive, 8RS, EV 102.5 MPH)
|
|
Batting: LHB Sojuro Iwamoto
|
0-0: Ball 1-0: Ball 2-0: Fly out, F7 (Flyball, 7, EV 82.5 MPH)
|
|
Batting: RHB Greg Watts
|
0-0: Fielders Choice at 2nd, 2-4 (Groundball, 15S, EV 68.8 MPH)
|
|
Batting: SHB Francisco Mejia
|
0-0: Called Strike 0-1: Called Strike 0-2: Foul Ball, location: 7LMF 0-2: Ball 1-2: Ball 2-2: Ball 3-2: Ground out 6-3 (Groundball, 6, EV 83.1 MPH)
|
| Top of the 9th over - 0 runs, 1 hit, 0 errors, 1 left on base; Minnesota 3 - Kansas City 8 |
|